 Dungeon Crawl Stone Soup version 0.31-a0-229-g1fc7ce93e2 (webtiles) character file.

Game seed: 4540687137918296892

4867 funkygono the Cleaver (level 10, -5/88 HPs)
             Began as a Minotaur Fighter on July 6, 2023.
             Was a Priest of Okawaru.
             Slain by a two-headed ogre
             ... wielding a +0 giant spiked club
              (25 damage)
             ... on level 9 of the Dungeon.
             The game lasted 00:16:10 (8274 turns).

funkygono the Cleaver (Minotaur Fighter)            Turns: 8274, Time: 00:16:10

Health: -5/88      AC: 22    Str: 24    XL:     10   Next: 26%
Magic:  9/9        EV:  7    Int:  5    God:    Okawaru [***...]
Gold:   291        SH: 15    Dex: 11    Spells: 9/9 levels left

rFire   . . .        a - +3 war axe
rCold   . . .        b - +0 kite shield
rNeg    . . .        i - +0 plate armour
rPois   .            K - +2 hat {Stlth+}
rElec   .            (no cloak)
rCorr   .            q - +2 pair of gloves
SInv    .            s - +2 pair of boots
Will    .....        m - amulet of reflection Stlth
                     (no ring)
HPRegen 0.34/turn    (no ring)
MPRegen 0.11/turn

%: reflection
@: no status effects
A: horns 2, retaliatory headbutt
a: Renounce Religion, Heroism


You were on level 9 of the Dungeon.
You worshipped Okawaru.
Okawaru was most pleased with you.
You visited 2 branches of the dungeon, and saw 10 of its levels.
You also visited: Sewer.

You collected 424 gold pieces.
You spent 133 gold pieces at shops.

Inventory:

Hand Weapons
 a - a +3 war axe (weapon)
Missiles
 k - 68 stones (quivered)
Armour
 b - a +0 kite shield (worn)
 c - a +1 chain mail of cold resistance
 f - a +2 pair of boots
 i - a +0 plate armour (worn)
 q - a +2 pair of gloves (worn)
 s - a +2 pair of boots (worn)
 K - a +2 hat of stealth (worn)
Jewellery
 j - an amulet of magic regeneration
 m - an amulet of reflection (around neck)
 x - an amulet of faith
Wands
 l - a wand of iceblast (8)
 y - a wand of quicksilver (8)
 C - a wand of polymorph (2)
Scrolls
 n - 2 scrolls of poison
 v - 3 scrolls of enchant armour
 w - 3 scrolls of blinking
 E - 2 scrolls of revelation
 F - a scroll of immolation {unknown}
Potions
 d - 3 potions of might
 e - 3 potions of curing
 g - a potion of brilliance {unknown}
 h - a potion of haste {unknown}
 o - 2 potions of ambrosia
 p - a potion of berserk rage {unknown}
 r - 4 potions of magic
 t - 2 potions of cancellation {unknown}
 u - 2 potions of heal wounds
 z - a potion of lignification {unknown}
 A - 2 potions of resistance
 B - a potion of invisibility {unknown}
 D - a potion of enlightenment {unknown}
 I - a potion of mutation {unknown}


   Skills:
 + Level 7.8 Fighting
 + Level 11.5 Axes
 + Level 1.8 Throwing
 + Level 8.6 Armour
 + Level 4.6 Dodging
 + Level 1.1 Stealth
 + Level 8.2 Shields
 + Level 0.4 Unarmed Combat


You had 9 spell levels left.
You didn't know any spells.
Your spell library contained the following spells:

 Spells                   Type           Power      Damage    Failure   Level
 Kiss of Death            Conj/Necr      0%         2d5       100%        1
 Lesser Beckoning         Tloc           0%         N/A       100%        2
 Sublimation of Blood     Necr           0%         N/A       100%        2
 Wereblood                Tmut           0%         N/A       100%        2
 Confusing Touch          Hex            0%         N/A       100%        3
 Gell's Gravitas          Tloc           0%         N/A       100%        3
 Ozocubu's Armour         Ice            0%         N/A       100%        3
 Teleport Other           Tloc           0%         N/A       100%        3
 Anguish                  Hex/Necr       0%         N/A       100%        4
 Cause Fear               Hex            0%         N/A       100%        4
 Dispel Undead            Necr           0%         3d6       100%        4
 Metabolic Englaciation   Hex/Ice        0%         N/A       100%        5
 Enfeeble                 Hex            0%         N/A       100%        7
 Simulacrum               Ice/Necr       Unusable   N/A       N/A         6
 Summon Hydra             Summ           Unusable   N/A       N/A         7

Dungeon Overview and Level Annotations

Branches:
Dungeon (9/15)             Temple (1/1) D:6           Sewer (visited)
   Lair: D:8-11         Orc: D:9-12

Altars:
Ashenzari
Cheibriados
Dithmenos
Elyvilon
Fedhas
Gozag
Hepliaklqana
Kikubaaqudgha
Makhleb
Nemelex Xobeh
Okawaru
Qazlal
Ru
Sif Muna
Trog
Uskayaw
Vehumet
Wu Jian
Xom
Zin
The Shining One

Shops:
D:3 [


Innate Abilities, Weirdness & Mutations

You have a pair of horns on your head.
You reflexively headbutt those who attack you in melee.


Message History

The wyvern is almost dead.
You block the wyvern's attack. x2
You closely miss the wyvern.
The wyvern is almost dead.
The wyvern bites you. x2
You hit the wyvern. Your headbutt misses the wyvern.
The wyvern is almost dead.
You block the wyvern's attack.
You slash the wyvern!
You kill the wyvern!
Okawaru accepts your kill.
Okawaru will now gift you throwing weapons as you gain piety.
You block the wyvern's attack.
You feel much better. You block the wyvern's attack.
You completely miss the wyvern. You headbutt the wyvern!
The wyvern is moderately wounded.
The wyvern bites you but does no damage.
You slash the two-headed ogre!
The two-headed ogre is moderately wounded.
You hit the two-headed ogre.
The two-headed ogre is moderately wounded.
You block the two-headed ogre's attack.
The two-headed ogre hits you with a +0 dire flail!
You hit the two-headed ogre.
The two-headed ogre is moderately wounded.
The two-headed ogre hits you with a +0 giant spiked club!
The two-headed ogre hits you with a +0 dire flail!
You barely miss the two-headed ogre.
Your headbutt misses the two-headed ogre.
The two-headed ogre is moderately wounded.
You barely miss the two-headed ogre.
The two-headed ogre is moderately wounded.
The two-headed ogre closely misses you.
The two-headed ogre hits you with a +0 dire flail!
* * * LOW HITPOINT WARNING * * *
You completely miss the two-headed ogre.
Your headbutt misses the two-headed ogre.
The two-headed ogre is moderately wounded.
The two-headed ogre hits you with a +0 giant spiked club!!
You die...

#.# #.# #........). #.#
#.######.......... #.#
#................. #.#
#.########.######. #.# #.#
#.# #. #.# #.# #.# #.
#####[##########.# #<# .
...).............# #.# .
.########.# #@# #.# . .#
#.# #O# #.# . .# #.# #l#
#.# .# #.# #.########.# .#
#.# #...........
.########.######.######....
.............l...#
.######..#~~~♣~♣SS♣ .#
#~~P♣~~~♣♣~♣S♣


You could see a two-headed ogre, a wyvern and 2 electric eels.

Vanquished Creatures
  Amaemon (D:7)
  An orange demon (D:8)
  A hornet (D:8)
  A shadow (D:9)
  A wyvern (D:9)
  2 steam dragons
  An acid dragon (D:8)
  Duvessa (D:4)
  Pargi (D:3)
  2 black bears
  2 ice beasts
  3 ogres
  3 kobold brigands (Sewer)
  3 gnoll sergeants
  3 bullfrogs
  3 scorpions
  4 wights (D:8)
  Dowan (D:4)
  3 killer bees (D:8)
  3 howler monkeys
  3 hounds
  2 jellies (D:6)
  3 orc priests
  4 iguanas
  3 sleepcaps
  Natasha (thrice) (D:3)
  Ijyb (D:3)
  6 orc wizards
  13 gnolls
  10 adders
  5 river rats
  A white imp (D:5)
  3 ufetubi
  6 worms
  A dart slug (D:5)
  23 orcs
  13 endoplasms
  3 giant cockroaches
  6 hobgoblins
  5 jackals
  8 quokkas
  16 ball pythons
  4 bats
  5 frilled lizards
  12 goblins
  9 kobolds
  7 rats
215 creatures vanquished.

Notes
Turn   | Place    | Note
-------+----------+-------------------------------------------
     0 | D:1      | funkygono the Minotaur Fighter began the quest for the Orb.
     0 | D:1      | Reached XP level 1. HP: 19/19 MP: 0/0
   118 | D:1      | Reached XP level 2. HP: 27/27 MP: 1/1
   173 | D:1      | Reached skill level 3 in Axes
   316 | D:1      | Found a faded altar of an unknown god.
   395 | D:1      | Reached XP level 3. HP: 33/33 MP: 2/2
   812 | D:2      | Reached XP level 4. HP: 30/40 MP: 3/3
  1165 | D:3      | Reached skill level 4 in Axes
  1342 | D:3      | Noticed Pargi
  1350 | D:3      | Reached skill level 1 in Dodging
  1350 | D:3      | Reached XP level 5. HP: 42/46 MP: 4/4
  1356 | D:3      | Killed Pargi
  1357 | D:3      | Reached skill level 5 in Axes
  1401 | D:3      | Found a radiant altar of Vehumet.
  1493 | D:3      | Found a shimmering blue altar of Sif Muna.
  1596 | D:3      | Found Acues's Antique Armour Emporium.
  1599 | D:3      | Reached XP level 6. HP: 50/53 MP: 5/5
  1662 | D:3      | Noticed Natasha
  1674 | D:3      | Killed Natasha
  1719 | D:3      | Noticed Ijyb
  1729 | D:3      | Killed Ijyb
  1807 | D:3      | Noticed Natasha
  1821 | D:3      | Killed Natasha
  2019 | D:3      | Noticed Natasha
  2035 | D:3      | Killed Natasha
  2129 | D:4      | Reached skill level 6 in Axes
  2129 | D:4      | Reached skill level 5 in Armour
  2431 | D:4      | Reached skill level 5 in Shields
  2431 | D:4      | Reached XP level 7. HP: 60/60 MP: 6/6
  2590 | D:4      | Noticed Duvessa
  2592 | D:4      | Noticed Dowan
  2601 | D:4      | Killed Duvessa
  2606 | D:4      | Reached skill level 7 in Axes
  2622 | D:4      | Killed Dowan
  2890 | D:5      | Entered Level 5 of the Dungeon
  2962 | D:5      | Found a glowing drain.
  2982 | Sewer    | Entered a sewer
  3046 | Sewer    | Reached skill level 5 in Fighting
  3132 | Sewer    | Reached XP level 8. HP: 68/68 MP: 7/7
  3316 | Sewer    | Reached skill level 8 in Axes
  4433 | D:5      | Found a snail-covered altar of Cheibriados.
  4435 | D:5      | Found a sacrificial altar of Ru.
  4632 | D:5      | Found a blossoming altar of Fedhas.
  4818 | D:6      | Found a staircase to the Ecumenical Temple.
  4859 | Temple   | Entered the Ecumenical Temple
  4859 | Temple   | Found a transporter.
  4859 | Temple   | Found a transporter.
  4861 | Temple   | Found a transporter.
  4861 | Temple   | Found a transporter.
  4876 | Temple   | Became a worshipper of Warmaster Okawaru
  4922 | D:6      | Reached skill level 9 in Axes
  5126 | D:6      | You fall into a shaft and drop 1 floor!
  5455 | D:6      | Reached XP level 9. HP: 75/75 MP: 8/8
  5513 | D:6      | Found an opulent altar of Gozag.
  5763 | D:3      | Bought an embroidered hat for 133 gold pieces
  6248 | D:7      | Reached * piety under Okawaru
  6491 | D:7      | Reached skill level 1 in Throwing
  6939 | D:8      | Noticed Amaemon
  6939 | D:8      | Noticed an orange demon
  6963 | D:7      | Killed Amaemon
  6964 | D:7      | Reached skill level 10 in Axes
  6964 | D:7      | Reached skill level 1 in Stealth
  7184 | D:8      | Killed an orange demon
  7184 | D:8      | Reached ** piety under Okawaru
  7324 | D:8      | Reached XP level 10. HP: 63/86 MP: 9/9
  7519 | D:8      | Found a sparkling altar of Nemelex Xobeh.
  7541 | D:8      | Reached skill level 11 in Axes
  7715 | D:8      | Found an ancient bone altar of Kikubaaqudgha.
  8254 | D:9      | Noticed a two-headed ogre
  8265 | D:9      | Reached *** piety under Okawaru
  8274 | D:9      | Slain by a two-headed ogre

Illustrated notes

Levels and vault maps discovered:
D:1:      ncdulo_watergridlock, layout_basic, nicolae_ecumenical_snake_handling
D:2:      layout_rooms
D:3:      layout_rooms, led_sif_book, nicolae_vehumet_radiance, serial_shops,
          nicolae_shop_waterfront, uniq_ijyb, uniq_natasha, uniq_pargi
D:4:      black_bear_nest_2, layout_loops_ring, uniq_duvessa
D:5:      layout_loops_corners, minmay_overflow_temple_star_quad,
          portal_sewer_entry_b, minmay_liquid_box, minmay_misc_feat_rows,
          chequers_serial_rivers_room_b
D:6:      layout_rooms, mainiacjoe_overflow_alcove_2,
          minmay_temple_entry_gardened_gates, chequers_decorated_corner
D:7:      layout_basic
D:8:      layout_loops_ring, mainiacjoe_overflow_six_doors_small,
          nemelex_xobeh_ov_fountains_minmay, uniq_amaemon
D:9:      layout_small_grid, david_lair_shrubbed, serial_bayou_lake_a
Temple:   hellmonk_temple_divided_pantheon

Skill      XL: |  1  2  3  4  5  6  7  8  9 10 |
---------------+-------------------------------+-----
Axes           | 3 4 5 6 7 9 10 11 | 11.5
Armour         | 4 5 7 8 |  8.6
Fighting       | 4 5 7 |  7.8
Shields        | 4 5 6 7 8 |  8.2
Dodging        | 1 2 3 4 |  4.6
Throwing       | 1 |  1.8
Stealth        | 1 |  1.1
Unarmed Combat | |  0.4

Action                     |  1- 3 |  4- 6 |  7- 9 | 10-12 || total
---------------------------+-------+-------+-------+-------++-------
  Melee: War axe           |    90 |   133 |   338 |    69 ||   630
         Headbutt          |     5 |    21 |    73 |    13 ||   112
         Unarmed           |       |     9 |       |       ||     9
  Throw: Stone             |       |    15 |     4 |       ||    19
         Dart              |       |       |    10 |       ||    10
    Use: Potion            |       |       |     4 |     1 ||     5
         Scroll            |       |       |    18 |       ||    18
 Armour: Scale mail        |    34 |    62 |    62 |       ||   158
         Skin              |       |     7 |       |       ||     7
         Chain mail        |       |       |    55 |       ||    55
         Plate armour      |       |       |    14 |    37 ||    51
  Dodge: Dodged            |    43 |    51 |   104 |     7 ||   205
  Block: Buckler           |    29 |    67 |    98 |       ||   194
         Reflection        |       |     2 |     4 |       ||     6
         Kite shield       |       |       |    92 |    53 ||   145

Table legend: (Time is in decaauts)
 A = Elapsed time spent in this place.
 B = Non-inter-level travel time spent in this place.
 C = Inter-level travel time spent in this place.
 D = Time resting spent in this place.
 E = Time spent auto-exploring this place.
 F = Levels seen in this place.
 G = Mean time per level.
                   A        B        C        D        E       F      G
               +--------+--------+--------+--------+--------+-----+--------+
         Total |   8577 |   8213 |    364 |    597 |   5533 |  11 |  779.7 |
       Dungeon |   7581 |   7229 |    352 |    597 |   4994 |   9 |  842.3 |
        Temple |     51 |     40 |     11 |      0 |      4 |   1 |   51.0 |
         Sewer |    944 |    944 |      0 |      0 |    535 |   1 |  944.0 |
               +--------+--------+--------+--------+--------+-----+--------+

Top non-repeatable levels by time:
     D:3: 1331 daAuts
     D:7: 1241 daAuts
     D:5: 1238 daAuts
   Sewer: 944 daAuts
     D:8: 885 daAuts
     D:4: 836 daAuts
     D:1: 618 daAuts
     D:2: 603 daAuts
     D:6: 589 daAuts
     D:9: 235 daAuts
  Temple: 51 daAuts
